2452 views
Uploaded 2024-09-12 17:02:14
Game version 1.36 (6115)
40:06 long 4on4 ladder game on (8)Sanctuary_LV_S2
Saved by GIGA
2452 views
Uploaded 2024-09-12 17:02:14
Game version 1.36 (6115)
40:06 long 4on4 ladder game on (8)Sanctuary_LV_S2


165 units @ 16.9k
/ 3.2k
234 buildings @ 16.8k
/ 8.4k



| Peasant | 16 | 1200 | / | 0 |
| Goblin Shredder | 2 | 750 | / | 200 |
| total: | 18 | 1950g | / | 200w |
| Scout Tower | 116 | 3480 | / | 2320 |
| Arcane Tower | 3 | 210 | / | 150 |
| Guard Tower | 40 | 2800 | / | 2000 |
| Altar of Kings | 1 | 180 | / | 50 |
| Farm | 8 | 640 | / | 160 |
| Lumber Mill | 3 | 360 | / | 0 |
| Town Hall | 2 | 770 | / | 410 |
| Keep | 1 | 320 | / | 210 |
| Castle | 1 | 360 | / | 210 |
| total: | 130 | 5430g | / | 2940w |
| 0:02 | Peasant |
| 0:02 | Peasant |
| 0:06 | Altar of Kings |
| 0:08 | Peasant |
| 0:16 | Farm |
| 0:18 | Peasant |
| 0:33 | Scout Tower |
| 0:37 | Peasant |
| 0:53 | Farm |
| 0:56 | Scout Tower |
| 0:59 | Peasant |
| 1:21 | Peasant |
| 1:34 | Arcane Tower |
| 1:50 | Peasant |
| 1:50 | Peasant |
| 2:03 | Lumber Mill |
| 2:13 | Lumber Mill |
| 2:33 | Peasant |
| 2:34 | Peasant |
| 2:34 | Peasant |
| 3:04 | Storm Bolt |
| 3:08 | Guard Tower |
| 3:14 | Scout Tower |
| 3:18 | Improved Lumber Harvesting |
| 3:20 | Improved Masonry |
| 3:40 | Peasant |
| 3:45 | Guard Tower |
| 3:48 | Scout Tower |
| 3:49 | Scout Tower |
| 3:50 | Scout Tower |
| 3:50 | Scout Tower |
| 3:56 | Scout Tower |
| 4:00 | Scout Tower |
| 4:03 | Scout Tower |
| 4:05 | Scout Tower |
| 4:06 | Scout Tower |
| 4:07 | Scout Tower |
| 4:21 | Keep |
| 4:39 | Guard Tower |
| 5:11 | Guard Tower |
| 5:12 | Guard Tower |
| 5:16 | Guard Tower |
| 5:19 | Scout Tower |
| 5:27 | Scout Tower |
| 5:28 | Scout Tower |
| 5:29 | Scout Tower |
| 5:30 | Scout Tower |
| 5:31 | Scout Tower |
| 5:42 | Guard Tower |
| 5:43 | Guard Tower |
| 5:52 | Scout Tower |
| 5:52 | Scout Tower |
| 5:57 | Guard Tower |
| 5:58 | Guard Tower |
| 6:23 | Farm |
| 6:37 | Guard Tower |
| 6:45 | Scout Tower |
| 6:46 | Scout Tower |
| 6:47 | Scout Tower |
| 6:48 | Scout Tower |
| 6:49 | Scout Tower |
| 6:51 | Guard Tower |
| 7:36 | Lumber Mill |
| 7:55 | Guard Tower |
| 8:01 | Guard Tower |
| 8:03 | Guard Tower |
| 8:12 | Guard Tower |
| 8:13 | Guard Tower |
| 8:20 | Holy Light |
| 8:24 | Advanced Masonry |
| 8:57 | Goblin Shredder |
| 9:20 | Scout Tower |
| 9:20 | Scout Tower |
| 9:21 | Scout Tower |
| 9:21 | Scout Tower |
| 9:25 | Scout Tower |
| 9:26 | Scout Tower |
| 9:27 | Scout Tower |
| 9:53 | Guard Tower |
| 10:09 | Castle |
| 10:16 | Guard Tower |
| 10:24 | Guard Tower |
| 10:26 | Scout Tower |
| 10:37 | Guard Tower |
| 10:49 | Scout Tower |
| 10:50 | Scout Tower |
| 10:51 | Scout Tower |
| 10:51 | Scout Tower |
| 10:51 | Scout Tower |
| 10:52 | Scout Tower |
| 10:53 | Scout Tower |
| 10:53 | Scout Tower |
| 10:54 | Scout Tower |
| 10:55 | Scout Tower |
| 10:55 | Scout Tower |
| 10:56 | Scout Tower |
| 10:57 | Scout Tower |
| 11:29 | Guard Tower |
| 11:48 | Scout Tower |
| 11:49 | Scout Tower |
| 11:50 | Scout Tower |
| 12:15 | Farm |
| 12:30 | Imbued Masonry |
| 12:44 | Guard Tower |
| 12:46 | Guard Tower |
| 12:52 | Guard Tower |
| 12:53 | Guard Tower |
| 12:55 | Guard Tower |
| 13:14 | Peasant |
| 13:15 | Peasant |
| 13:15 | Peasant |
| 13:44 | Brilliance Aura |
| 14:35 | Scout Tower |
| 14:36 | Scout Tower |
| 14:37 | Scout Tower |
| 14:38 | Scout Tower |
| 14:39 | Scout Tower |
| 14:40 | Scout Tower |
| 14:51 | Scout Tower |
| 15:03 | Guard Tower |
| 15:06 | Scout Tower |
| 15:06 | Scout Tower |
| 15:09 | Guard Tower |
| 15:13 | Guard Tower |
| 15:17 | Scout Tower |
| 15:19 | Scout Tower |
| 15:23 | Scout Tower |
| 15:28 | Scout Tower |
| 15:32 | Guard Tower |
| 15:36 | Scout Tower |
| 15:39 | Scout Tower |
| 15:48 | Guard Tower |
| 15:55 | Scout Tower |
| 15:56 | Scout Tower |
| 15:59 | Scout Tower |
| 16:00 | Scout Tower |
| 16:10 | Scout Tower |
| 16:49 | Scout Tower |
| 16:50 | Scout Tower |
| 16:51 | Scout Tower |
| 16:52 | Scout Tower |
| 16:53 | Scout Tower |
| 16:53 | Scout Tower |
| 17:01 | Arcane Tower |
| 18:01 | Scout Tower |
| 18:01 | Scout Tower |
| 18:02 | Scout Tower |
| 18:03 | Scout Tower |
| 18:03 | Scout Tower |
| 18:04 | Scout Tower |
| 18:04 | Scout Tower |
| 18:05 | Scout Tower |
| 18:45 | Town Hall |
| 18:49 | Guard Tower |
| 19:00 | Scout Tower |
| 19:01 | Scout Tower |
| 19:02 | Scout Tower |
| 19:02 | Scout Tower |
| 19:04 | Scout Tower |
| 19:07 | Scout Tower |
| 19:09 | Scout Tower |
| 19:09 | Scout Tower |
| 19:17 | Town Hall |
| 19:22 | Guard Tower |
| 19:45 | Scout Tower |
| 19:45 | Scout Tower |
| 19:46 | Scout Tower |
| 19:46 | Scout Tower |
| 24:45 | Scout Tower |
| 24:47 | Scout Tower |
| 24:47 | Scout Tower |
| 24:49 | Scout Tower |
| 24:49 | Scout Tower |
| 24:50 | Scout Tower |
| 25:27 | Guard Tower |
| 25:43 | Guard Tower |
| 26:07 | Scout Tower |
| 26:08 | Scout Tower |
| 26:09 | Scout Tower |
| 26:10 | Scout Tower |
| 26:52 | Guard Tower |
| 27:45 | Guard Tower |
| 27:57 | Scout Tower |
| 27:58 | Scout Tower |
| 27:59 | Scout Tower |
| 28:00 | Scout Tower |
| 28:01 | Scout Tower |
| 28:08 | Scout Tower |
| 28:08 | Scout Tower |
| 28:10 | Scout Tower |
| 28:28 | Arcane Tower |
| 28:29 | Guard Tower |
| 28:39 | Scout Tower |
| 28:40 | Scout Tower |
| 30:22 | Farm |
| 30:22 | Farm |
| 30:23 | Farm |
| 30:23 | Farm |
| 30:42 | Guard Tower |
| 34:54 | Storm Bolt |
| 35:40 | Goblin Shredder |
| 37:13 | Blizzard |
| Right click | 1543 |
| Select | 553 |
| Select group | 259 |
| Build/train/purchase | 89 |
| Resource trade | 48 |
| Use ability | 23 |
| Assign group | 14 |
| Esc | 12 |
| Misc. action | 10 |
| Chat | 4 |
| Minimap ping | 2 |
DudeWhy
(236)
(40:06) : 

| Lesser Clarity Potion | 2 | 140 |
| total: | 2 | 140g |
| Peasant | 31 | 2325 | / | 0 |
| Mortar Team | 12 | 2160 | / | 840 |
| Flying Machine | 8 | 800 | / | 240 |
| Goblin Shredder | 1 | 375 | / | 100 |
| total: | 52 | 5660g | / | 1180w |
| Scout Tower | 27 | 810 | / | 540 |
| Arcane Tower | 3 | 210 | / | 150 |
| Guard Tower | 8 | 560 | / | 400 |
| Altar of Kings | 1 | 180 | / | 50 |
| Farm | 9 | 720 | / | 180 |
| Lumber Mill | 2 | 240 | / | 0 |
| Town Hall | 5 | 1925 | / | 1025 |
| Blacksmith | 1 | 140 | / | 60 |
| Workshop | 1 | 140 | / | 140 |
| Keep | 1 | 320 | / | 210 |
| Castle | 1 | 360 | / | 210 |
| total: | 46 | 4155g | / | 1995w |
| 0:01 | Peasant |
| 0:04 | Altar of Kings |
| 0:15 | Peasant |
| 0:17 | Farm |
| 0:19 | Peasant |
| 0:26 | Peasant |
| 0:34 | Lumber Mill |
| 0:35 | Peasant |
| 0:45 | Farm |
| 1:01 | Peasant |
| 1:08 | Scout Tower |
| 1:18 | Peasant |
| 1:36 | Arcane Tower |
| 1:38 | Peasant |
| 1:41 | Improved Lumber Harvesting |
| 1:47 | Peasant |
| 2:04 | Peasant |
| 2:08 | Storm Bolt |
| 2:15 | Peasant |
| 2:51 | Peasant |
| 3:04 | Town Hall |
| 3:08 | Scout Tower |
| 3:23 | Peasant |
| 3:23 | Peasant |
| 3:36 | Arcane Tower |
| 4:00 | Improved Masonry |
| 4:09 | Keep |
| 4:13 | Peasant |
| 4:24 | Scout Tower |
| 4:25 | Scout Tower |
| 4:26 | Scout Tower |
| 4:26 | Scout Tower |
| 4:32 | Bash |
| 4:44 | Peasant |
| 4:49 | Blacksmith |
| 4:53 | Peasant |
| 5:10 | Guard Tower |
| 5:11 | Scout Tower |
| 5:11 | Scout Tower |
| 5:20 | Peasant |
| 5:29 | Bash |
| 5:39 | Guard Tower |
| 5:42 | Scout Tower |
| 5:42 | Scout Tower |
| 6:04 | Bash |
| 6:25 | Goblin Shredder |
| 6:44 | Guard Tower |
| 6:45 | Scout Tower |
| 6:47 | Scout Tower |
| 7:16 | Guard Tower |
| 7:18 | Scout Tower |
| 7:19 | Scout Tower |
| 7:20 | Scout Tower |
| 7:22 | Scout Tower |
| 7:39 | Castle |
| 7:41 | Black Gunpowder |
| 8:19 | Guard Tower |
| 8:21 | Scout Tower |
| 8:22 | Scout Tower |
| 8:22 | Scout Tower |
| 8:42 | Workshop |
| 9:41 | Holy Light |
| 10:15 | Farm |
| 10:16 | Farm |
| 10:19 | Fragmentation Shards |
| 10:20 | Flare |
| 10:21 | Mortar Team |
| 10:25 | Lesser Clarity Potion |
| 10:25 | Lesser Clarity Potion |
| 10:57 | Guard Tower |
| 11:44 | Advanced Masonry |
| 11:44 | Advanced Lumber Harvesting |
| 12:46 | Town Hall |
| 12:52 | Farm |
| 12:53 | Farm |
| 13:02 | Town Hall |
| 13:18 | Refined Gunpowder |
| 13:30 | Mortar Team |
| 13:30 | Mortar Team |
| 13:55 | Storm Bolt |
| 13:56 | Divine Shield |
| 13:58 | Storm Bolt |
| 13:59 | Storm Bolt |
| 14:00 | Divine Shield |
| 14:06 | Town Hall |
| 14:11 | Peasant |
| 14:17 | Mortar Team |
| 14:33 | Imbued Gunpowder |
| 14:55 | Peasant |
| 14:56 | Peasant |
| 14:58 | Peasant |
| 15:42 | Imbued Masonry |
| 15:59 | Peasant |
| 15:59 | Peasant |
| 16:29 | Studded Leather Armor |
| 16:59 | Peasant |
| 16:59 | Peasant |
| 17:00 | Peasant |
| 17:00 | Peasant |
| 17:00 | Peasant |
| 21:00 | Mortar Team |
| 22:40 | Holy Light |
| 23:32 | Town Hall |
| 24:44 | Holy Light |
| 25:21 | Farm |
| 25:22 | Farm |
| 25:24 | Farm |
| 25:35 | Bash |
| 26:18 | Mortar Team |
| 26:18 | Mortar Team |
| 26:18 | Mortar Team |
| 27:50 | Peasant |
| 27:50 | Peasant |
| 27:57 | Scout Tower |
| 27:57 | Scout Tower |
| 27:58 | Scout Tower |
| 27:58 | Scout Tower |
| 28:00 | Mortar Team |
| 28:01 | Mortar Team |
| 28:04 | Scout Tower |
| 28:09 | Mortar Team |
| 28:17 | Bash |
| 28:19 | Holy Light |
| 28:49 | Arcane Tower |
| 28:53 | Lumber Mill |
| 29:35 | Divine Shield |
| 30:04 | Guard Tower |
| 30:06 | Scout Tower |
| 30:07 | Scout Tower |
| 30:07 | Scout Tower |
| 30:13 | Mortar Team |
| 30:51 | Flying Machine |
| 30:51 | Flying Machine |
| 30:51 | Flying Machine |
| 30:52 | Flak Cannons |
| 30:53 | Flying Machine |
| 30:53 | Flying Machine |
| 30:53 | Flying Machine |
| 30:53 | Flying Machine |
| 32:10 | Flying Machine |
| 32:26 | Divine Shield |
| Right click | 2226 |
| Select group | 613 |
| Select | 365 |
| Use ability | 198 |
| Misc. action | 168 |
| Build/train/purchase | 132 |
| Resource trade | 75 |
| Assign group | 16 |
| Minimap ping | 6 |
| Esc | 4 |
| Chat | 4 |
| Item give/drop | 3 |


| Peasant | 13 | 975 | / | 0 |
| Flying Machine | 48 | 4800 | / | 1440 |
| Dragonhawk Rider | 3 | 600 | / | 90 |
| Mortar Team | 3 | 540 | / | 210 |
| total: | 67 | 6915g | / | 1740w |
| Scout Tower | 5 | 150 | / | 100 |
| Arcane Tower | 1 | 70 | / | 50 |
| Guard Tower | 1 | 70 | / | 50 |
| Altar of Kings | 1 | 180 | / | 50 |
| Farm | 15 | 1200 | / | 300 |
| Lumber Mill | 1 | 120 | / | 0 |
| Blacksmith | 1 | 140 | / | 60 |
| Arcane Vault | 1 | 130 | / | 30 |
| Cannon Tower | 1 | 120 | / | 100 |
| Workshop | 3 | 420 | / | 420 |
| Gryphon Aviary | 1 | 140 | / | 150 |
| Keep | 1 | 320 | / | 210 |
| Castle | 1 | 360 | / | 210 |
| total: | 28 | 2480g | / | 1110w |
| 0:02 | Peasant |
| 0:03 | Peasant |
| 0:05 | Altar of Kings |
| 0:08 | Farm |
| 0:09 | Farm |
| 0:26 | Peasant |
| 0:43 | Lumber Mill |
| 0:45 | Peasant |
| 0:51 | Peasant |
| 0:58 | Peasant |
| 1:20 | Peasant |
| 1:21 | Peasant |
| 1:29 | Improved Lumber Harvesting |
| 1:38 | Peasant |
| 1:48 | Peasant |
| 1:49 | Peasant |
| 1:57 | Blacksmith |
| 2:02 | Peasant |
| 2:14 | Peasant |
| 2:31 | Storm Bolt |
| 2:47 | Improved Masonry |
| 2:49 | Keep |
| 3:29 | Black Gunpowder |
| 3:38 | Farm |
| 3:39 | Farm |
| 3:41 | Farm |
| 3:42 | Farm |
| 3:43 | Farm |
| 4:44 | Iron Plating |
| 4:52 | Farm |
| 5:10 | Castle |
| 5:21 | Workshop |
| 5:25 | Workshop |
| 5:36 | Workshop |
| 6:27 | Flying Machine |
| 6:29 | Flak Cannons |
| 6:37 | Refined Gunpowder |
| 6:39 | Steel Plating |
| 6:54 | Flying Machine |
| 6:55 | Flying Machine |
| 6:55 | Flying Machine |
| 6:58 | Farm |
| 6:59 | Farm |
| 7:05 | Holy Light |
| 7:11 | Flying Machine |
| 7:11 | Flying Machine |
| 7:19 | Scout Tower |
| 7:20 | Scout Tower |
| 7:21 | Scout Tower |
| 7:24 | Advanced Masonry |
| 7:38 | Flying Machine Bombs |
| 7:44 | Flying Machine |
| 7:44 | Flying Machine |
| 7:44 | Flying Machine |
| 7:57 | Farm |
| 8:15 | Scout Tower |
| 8:17 | Scout Tower |
| 8:21 | Flying Machine |
| 8:22 | Flying Machine |
| 8:25 | Imbued Gunpowder |
| 8:41 | Flying Machine |
| 9:03 | Gryphon Aviary |
| 9:07 | Arcane Vault |
| 9:10 | Mithril Plating |
| 9:17 | Flying Machine |
| 9:28 | Arcane Tower |
| 9:56 | Flying Machine |
| 9:56 | Flying Machine |
| 9:56 | Flying Machine |
| 9:56 | Flying Machine |
| 9:57 | Flying Machine |
| 10:03 | Cannon Tower |
| 10:20 | Imbued Masonry |
| 10:34 | Guard Tower |
| 10:46 | Cloud |
| 10:48 | Dragonhawk Rider |
| 10:48 | Dragonhawk Rider |
| 10:49 | Dragonhawk Rider |
| 14:10 | Flying Machine |
| 14:10 | Flying Machine |
| 14:10 | Flying Machine |
| 14:34 | Flying Machine |
| 15:27 | Flying Machine |
| 15:28 | Flying Machine |
| 15:28 | Flying Machine |
| 21:03 | Flying Machine |
| 21:04 | Flying Machine |
| 21:04 | Flying Machine |
| 21:04 | Flying Machine |
| 21:04 | Flying Machine |
| 21:31 | Flying Machine |
| 22:06 | Flying Machine |
| 24:34 | Flying Machine |
| 24:42 | Bash |
| 24:46 | Flying Machine |
| 24:47 | Flying Machine |
| 25:39 | Flying Machine |
| 25:39 | Flying Machine |
| 25:40 | Flying Machine |
| 25:40 | Flying Machine |
| 27:06 | Flying Machine |
| 27:06 | Flying Machine |
| 27:06 | Flying Machine |
| 28:28 | Mortar Team |
| 28:47 | Mortar Team |
| 30:11 | Farm |
| 30:13 | Farm |
| 30:15 | Farm |
| 30:19 | Farm |
| 31:09 | Flying Machine |
| 31:09 | Flying Machine |
| 31:11 | Flying Machine |
| 32:09 | Flying Machine |
| 32:22 | Devotion Aura |
| 34:26 | Storm Bolt |
| 35:42 | Flying Machine |
| 35:42 | Flying Machine |
| 37:19 | Mortar Team |
| 39:38 | Holy Light |
| Right click | 3121 |
| Select group | 2147 |
| Select | 591 |
| Build/train/purchase | 101 |
| Assign group | 52 |
| Chat | 41 |
| Use ability | 22 |
| Minimap ping | 21 |
| Resource trade | 5 |
| Esc | 3 |
| Misc. action | 2 |
Cabeelibob
(194)
(40:06) : 
| Healing Salve | 2 | 200 |
| Lesser Clarity Potion | 5 | 350 |
| Orb of Lightning | 1 | 375 |
| Tiny Great Hall | 2 | 1200 |
| Potion of Mana | 5 | 1000 |
| Potion of Healing | 1 | 150 |
| Boots of Speed | 1 | 250 |
| Staff of Teleportation | 2 | 300 |
| total: | 19 | 3825g |
| Peon | 24 | 1800 | / | 0 |
| Troll Witch Doctor | 4 | 580 | / | 100 |
| total: | 28 | 2380g | / | 100w |
| Watch Tower | 16 | 1760 | / | 1280 |
| Altar of Storms | 2 | 360 | / | 100 |
| Orc Burrow | 3 | 480 | / | 120 |
| Voodoo Lounge | 2 | 260 | / | 60 |
| War Mill | 2 | 410 | / | 0 |
| Great Hall | 3 | 1155 | / | 555 |
| Spirit Lodge | 1 | 150 | / | 150 |
| Beastiary | 1 | 145 | / | 140 |
| Stronghold | 1 | 315 | / | 190 |
| Fortress | 1 | 325 | / | 190 |
| total: | 30 | 4720g | / | 2405w |
| 0:06 | Altar of Storms |
| 0:09 | Orc Burrow |
| 0:11 | Peon |
| 0:18 | Peon |
| 0:27 | Peon |
| 0:32 | Peon |
| 0:46 | Peon |
| 0:59 | Peon |
| 1:12 | Voodoo Lounge |
| 1:25 | Peon |
| 1:25 | Peon |
| 1:35 | War Mill |
| 2:05 | Peon |
| 2:14 | Wind Walk |
| 2:24 | Peon |
| 2:24 | Peon |
| 2:29 | Orc Burrow |
| 3:14 | Great Hall |
| 3:24 | Peon |
| 3:24 | Peon |
| 3:26 | Spiked Barricades |
| 3:34 | Voodoo Lounge |
| 3:56 | Peon |
| 3:56 | Peon |
| 3:56 | Peon |
| 4:47 | Watch Tower |
| 4:48 | Watch Tower |
| 4:49 | Watch Tower |
| 4:50 | Watch Tower |
| 4:51 | Watch Tower |
| 4:56 | Critical Strike |
| 5:51 | Stronghold |
| 6:20 | Healing Salve |
| 6:21 | Lesser Clarity Potion |
| 6:25 | Healing Salve |
| 6:27 | Lesser Clarity Potion |
| 7:01 | Boots of Speed |
| 7:02 | Staff of Teleportation |
| 10:35 | Fortress |
| 11:29 | Lesser Clarity Potion |
| 11:50 | Spirit Lodge |
| 12:12 | Divine Shield |
| 14:14 | Lesser Clarity Potion |
| 14:16 | Orb of Lightning |
| 14:23 | Tiny Great Hall |
| 15:24 | Critical Strike |
| 15:37 | Reinforced Defenses |
| 15:38 | Improved Spiked Barricades |
| 17:53 | Witch Doctor Adept Training |
| 17:58 | Beastiary |
| 18:54 | Witch Doctor Master Training |
| 18:54 | Troll Witch Doctor |
| 18:54 | Troll Witch Doctor |
| 18:54 | Troll Witch Doctor |
| 18:55 | Troll Witch Doctor |
| 19:31 | Staff of Teleportation |
| 19:45 | War Mill |
| 20:00 | Potion of Mana |
| 20:37 | Wind Walk |
| 21:19 | Potion of Mana |
| 23:19 | Tiny Great Hall |
| 24:41 | Potion of Mana |
| 24:43 | Lesser Clarity Potion |
| 24:52 | Peon |
| 24:52 | Peon |
| 24:52 | Peon |
| 24:52 | Peon |
| 24:52 | Peon |
| 25:34 | Critical Strike |
| 26:15 | Watch Tower |
| 26:15 | Watch Tower |
| 26:18 | Watch Tower |
| 26:19 | Watch Tower |
| 26:45 | Altar of Storms |
| 27:37 | Great Hall |
| 27:55 | Watch Tower |
| 27:56 | Watch Tower |
| 28:31 | Orc Burrow |
| 30:12 | Great Hall |
| 31:48 | Potion of Mana |
| 32:44 | Potion of Healing |
| 32:46 | Potion of Mana |
| 33:50 | Watch Tower |
| 33:51 | Watch Tower |
| 33:52 | Watch Tower |
| 33:53 | Watch Tower |
| 33:54 | Watch Tower |
| 37:19 | Bladestorm |
| 37:43 | Peon |
| 37:43 | Peon |
| 37:43 | Peon |
| Right click | 1810 |
| Select | 221 |
| Misc. action | 147 |
| Build/train/purchase | 136 |
| Select group | 131 |
| Resource trade | 112 |
| Chat | 100 |
| Use ability | 21 |
| Item give/drop | 16 |
| Assign group | 2 |
| Esc | 1 |
| Minimap ping | 1 |
271 units @ 45.5k
/ 8.9k
149 buildings @ 23.8k
/ 10.9k


| Healing Salve | 1 | 100 |
| Lesser Clarity Potion | 1 | 70 |
| Scroll of Speed | 1 | 50 |
| Potion of Healing | 1 | 150 |
| Scroll of Town Portal | 1 | 350 |
| total: | 5 | 720g |
| Peon | 25 | 1875 | / | 0 |
| Grunt | 4 | 800 | / | 0 |
| Troll Headhunter | 4 | 560 | / | 80 |
| Troll Batrider | 62 | 9920 | / | 2480 |
| Kodo Beast | 1 | 255 | / | 60 |
| Goblin Shredder | 1 | 375 | / | 100 |
| total: | 97 | 13785g | / | 2720w |
| Watch Tower | 37 | 4070 | / | 2960 |
| Altar of Storms | 1 | 180 | / | 50 |
| Orc Burrow | 8 | 1280 | / | 320 |
| Barracks | 1 | 180 | / | 50 |
| War Mill | 1 | 205 | / | 0 |
| Great Hall | 6 | 2310 | / | 1110 |
| Voodoo Lounge | 1 | 130 | / | 30 |
| Beastiary | 5 | 725 | / | 700 |
| Stronghold | 2 | 630 | / | 380 |
| Fortress | 2 | 650 | / | 380 |
| total: | 60 | 9080g | / | 5220w |
| 0:06 | Peon |
| 0:06 | Peon |
| 0:06 | Peon |
| 0:20 | Peon |
| 0:22 | Altar of Storms |
| 0:38 | Orc Burrow |
| 0:47 | Peon |
| 0:52 | Barracks |
| 1:06 | Peon |
| 1:18 | Peon |
| 1:38 | Peon |
| 1:49 | Orc Burrow |
| 1:55 | Grunt |
| 2:02 | Peon |
| 2:14 | War Mill |
| 2:42 | Grunt |
| 2:49 | Serpent Ward |
| 3:12 | Grunt |
| 3:16 | Orc Burrow |
| 3:18 | Peon |
| 3:37 | Troll Headhunter |
| 3:53 | Troll Headhunter |
| 4:23 | Great Hall |
| 4:31 | Voodoo Lounge |
| 4:39 | Healing Wave |
| 4:49 | Orc Burrow |
| 5:34 | Healing Wave |
| 5:36 | Stronghold |
| 5:42 | Watch Tower |
| 5:51 | Healing Salve |
| 5:51 | Lesser Clarity Potion |
| 5:57 | Troll Headhunter |
| 6:10 | Watch Tower |
| 6:26 | Troll Headhunter |
| 6:58 | Great Hall |
| 7:12 | Watch Tower |
| 7:15 | Peon |
| 7:27 | Watch Tower |
| 7:42 | Steel Armor |
| 7:50 | Grunt |
| 7:54 | Watch Tower |
| 7:58 | Orc Burrow |
| 8:03 | Peon |
| 8:40 | Watch Tower |
| 8:44 | Reinforced Defenses |
| 8:56 | Watch Tower |
| 9:05 | Serpent Ward |
| 9:22 | Peon |
| 9:22 | Peon |
| 9:22 | Peon |
| 9:47 | Watch Tower |
| 9:48 | Peon |
| 9:48 | Peon |
| 10:04 | Scroll of Speed |
| 10:04 | Scroll of Town Portal |
| 10:05 | Potion of Healing |
| 10:21 | Fortress |
| 10:39 | Goblin Shredder |
| 10:49 | Endurance Aura |
| 11:16 | Shockwave |
| 11:21 | Watch Tower |
| 11:29 | Watch Tower |
| 11:38 | Beastiary |
| 12:05 | Beastiary |
| 12:31 | Watch Tower |
| 12:56 | Troll Batrider |
| 12:56 | Troll Batrider |
| 12:56 | Troll Batrider |
| 12:56 | Troll Batrider |
| 13:31 | Troll Batrider |
| 13:31 | Troll Batrider |
| 13:31 | Troll Batrider |
| 13:38 | Great Hall |
| 13:41 | Watch Tower |
| 13:45 | Watch Tower |
| 13:49 | Peon |
| 14:11 | Watch Tower |
| 14:13 | Watch Tower |
| 14:15 | Stronghold |
| 14:28 | Troll Batrider |
| 14:41 | Watch Tower |
| 14:50 | Watch Tower |
| 14:58 | Watch Tower |
| 15:33 | Watch Tower |
| 15:35 | Watch Tower |
| 15:40 | Watch Tower |
| 16:29 | Great Hall |
| 16:31 | Watch Tower |
| 16:35 | Steel Ranged Weapons |
| 16:39 | Beastiary |
| 16:44 | Beastiary |
| 17:07 | Watch Tower |
| 17:42 | Fortress |
| 17:44 | Watch Tower |
| 17:47 | Great Hall |
| 17:50 | Watch Tower |
| 17:51 | Watch Tower |
| 17:56 | Troll Batrider |
| 18:18 | Watch Tower |
| 18:19 | Troll Batrider |
| 18:19 | Troll Batrider |
| 18:32 | Healing Wave |
| 18:43 | Orc Burrow |
| 18:55 | Watch Tower |
| 18:59 | Watch Tower |
| 19:01 | Watch Tower |
| 19:15 | Troll Batrider |
| 19:29 | Thorium Armor |
| 20:03 | Watch Tower |
| 20:04 | Troll Batrider |
| 20:05 | Troll Batrider |
| 20:05 | Troll Batrider |
| 21:09 | Peon |
| 21:09 | Peon |
| 21:09 | Peon |
| 21:09 | Peon |
| 21:26 | Liquid Fire |
| 21:28 | Troll Batrider |
| 21:28 | Troll Batrider |
| 21:48 | Watch Tower |
| 21:49 | Watch Tower |
| 21:51 | Watch Tower |
| 21:57 | Endurance Aura |
| 22:02 | Troll Batrider |
| 22:04 | Troll Batrider |
| 22:06 | Arcanite Armor |
| 23:26 | Troll Batrider |
| 23:27 | Troll Batrider |
| 23:31 | Orc Burrow |
| 23:42 | Orc Burrow |
| 24:46 | Troll Batrider |
| 24:46 | Troll Batrider |
| 24:46 | Troll Batrider |
| 24:47 | Troll Batrider |
| 24:47 | Troll Batrider |
| 24:51 | Shockwave |
| 25:36 | Troll Batrider |
| 25:36 | Troll Batrider |
| 25:36 | Troll Batrider |
| 27:46 | Troll Batrider |
| 27:46 | Troll Batrider |
| 27:46 | Troll Batrider |
| 27:50 | Thorium Ranged Weapons |
| 28:29 | Peon |
| 29:42 | Troll Batrider |
| 29:42 | Troll Batrider |
| 29:42 | Troll Batrider |
| 29:44 | Arcanite Ranged Weapons |
| 32:09 | Kodo Beast |
| 32:09 | Troll Batrider |
| 32:09 | Troll Batrider |
| 32:10 | Troll Batrider |
| 32:10 | Troll Batrider |
| 32:14 | Troll Batrider |
| 32:14 | Troll Batrider |
| 32:14 | Troll Batrider |
| 32:14 | Troll Batrider |
| 32:14 | Troll Batrider |
| 32:15 | Troll Batrider |
| 32:15 | Troll Batrider |
| 32:27 | Shockwave |
| 32:36 | Big Bad Voodoo |
| 33:26 | Troll Batrider |
| 33:26 | Troll Batrider |
| 33:32 | Great Hall |
| 33:35 | Watch Tower |
| 33:59 | Beastiary |
| 34:43 | Watch Tower |
| 35:23 | Troll Batrider |
| 35:23 | Troll Batrider |
| 35:27 | Troll Batrider |
| 35:27 | Troll Batrider |
| 35:57 | Watch Tower |
| 35:58 | Peon |
| 35:58 | Peon |
| 37:29 | Troll Batrider |
| 37:29 | Troll Batrider |
| 37:29 | Troll Batrider |
| 37:29 | Troll Batrider |
| 37:29 | Troll Batrider |
| 37:30 | Troll Batrider |
| 38:59 | Troll Batrider |
| 38:59 | Troll Batrider |
| 39:00 | Troll Batrider |
| 39:00 | Troll Batrider |
| Right click | 1210 |
| Select group | 531 |
| Select | 422 |
| Build/train/purchase | 149 |
| Chat | 88 |
| Use ability | 85 |
| Assign group | 37 |
| Item give/drop | 2 |



x1)
| Rod of Necromancy | 4 | 600 |
| Sacrificial Skull | 1 | 50 |
| Orb of Corruption | 1 | 375 |
| Potion of Healing | 1 | 150 |
| Dust of Appearance | 1 | 75 |
| Scroll of Town Portal | 3 | 1050 |
| Tome of Retraining | 1 | 300 |
| total: | 12 | 2600g |
| Acolyte | 21 | 1575 | / | 0 |
| Ghoul | 10 | 1200 | / | 0 |
| Gargoyle | 7 | 1225 | / | 210 |
| Crypt Fiend | 9 | 1935 | / | 360 |
| Obsidian Statue | 2 | 400 | / | 70 |
| Necromancer | 6 | 870 | / | 120 |
| Meat Wagon | 3 | 690 | / | 150 |
| Goblin Shredder | 2 | 750 | / | 200 |
| total: | 60 | 8645g | / | 1110w |
| Nerubian Tower | 8 | 800 | / | 160 |
| Spirit Tower | 9 | 1305 | / | 360 |
| Crypt | 3 | 600 | / | 150 |
| Ziggurat | 19 | 2850 | / | 950 |
| Altar of Darkness | 2 | 360 | / | 100 |
| Tomb of Relics | 1 | 130 | / | 30 |
| Graveyard | 1 | 215 | / | 0 |
| Necropolis | 5 | 1125 | / | 0 |
| Slaughterhouse | 5 | 700 | / | 675 |
| Sacrificial Pit | 1 | 75 | / | 150 |
| Temple of the Damned | 2 | 310 | / | 280 |
| Halls of the Dead | 1 | 320 | / | 210 |
| Black Citadel | 1 | 325 | / | 230 |
| total: | 39 | 6365g | / | 2335w |
| 0:06 | Acolyte |
| 0:23 | Crypt |
| 0:25 | Ziggurat |
| 0:26 | Altar of Darkness |
| 0:27 | Altar of Darkness |
| 0:33 | Acolyte |
| 0:33 | Acolyte |
| 0:50 | Tomb of Relics |
| 1:06 | Ziggurat |
| 1:24 | Ghoul |
| 1:30 | Ghoul |
| 1:45 | Nerubian Tower |
| 1:57 | Ghoul |
| 2:15 | Ghoul |
| 2:23 | Rod of Necromancy |
| 2:23 | Rod of Necromancy |
| 2:25 | Sacrificial Skull |
| 2:31 | Sleep |
| 2:36 | Ghoul |
| 2:57 | Acolyte |
| 3:21 | Acolyte |
| 3:21 | Acolyte |
| 3:22 | Acolyte |
| 3:22 | Acolyte |
| 3:33 | Ziggurat |
| 3:36 | Vampiric Aura |
| 3:59 | Cannibalize |
| 4:26 | Halls of the Dead |
| 4:43 | Nerubian Tower |
| 5:03 | Graveyard |
| 5:05 | Rod of Necromancy |
| 5:21 | Dust of Appearance |
| 5:53 | Nerubian Tower |
| 5:56 | Ghoul |
| 5:56 | Ghoul |
| 6:02 | Necropolis |
| 6:15 | Crypt |
| 6:31 | Goblin Shredder |
| 6:31 | Goblin Shredder |
| 6:40 | Sleep |
| 7:03 | Crypt |
| 7:23 | Black Citadel |
| 7:58 | Rod of Necromancy |
| 8:09 | Death Coil |
| 8:26 | Gargoyle |
| 8:40 | Ziggurat |
| 8:42 | Ziggurat |
| 8:43 | Ziggurat |
| 8:56 | Ziggurat |
| 8:57 | Ziggurat |
| 8:59 | Ziggurat |
| 9:07 | Gargoyle |
| 9:55 | Spirit Tower |
| 9:56 | Spirit Tower |
| 10:27 | Unholy Aura |
| 10:35 | Ghoul Frenzy |
| 10:36 | Gargoyle |
| 10:37 | Gargoyle |
| 10:58 | Spirit Tower |
| 10:59 | Spirit Tower |
| 11:00 | Web |
| 11:13 | Crypt Fiend |
| 11:15 | Ziggurat |
| 11:41 | Vampiric Aura |
| 11:46 | Crypt Fiend |
| 11:46 | Crypt Fiend |
| 11:48 | Crypt Fiend |
| 12:48 | Crypt Fiend |
| 12:48 | Crypt Fiend |
| 12:49 | Crypt Fiend |
| 13:09 | Gargoyle |
| 13:10 | Gargoyle |
| 13:12 | Gargoyle |
| 13:25 | Spirit Tower |
| 13:32 | Scroll of Town Portal |
| 13:32 | Orb of Corruption |
| 13:47 | Ziggurat |
| 14:07 | Breath of Fire |
| 14:18 | Tome of Retraining |
| 14:18 | Retrain Hero |
| 14:20 | Carrion Swarm |
| 14:21 | Vampiric Aura |
| 14:26 | Slaughterhouse |
| 14:27 | Slaughterhouse |
| 14:32 | Acolyte |
| 14:32 | Acolyte |
| 14:33 | Acolyte |
| 14:33 | Acolyte |
| 14:33 | Acolyte |
| 14:54 | Stone Form |
| 15:56 | Death Coil |
| 16:02 | Necropolis |
| 16:08 | Crypt Fiend |
| 16:10 | Obsidian Statue |
| 16:34 | Spirit Tower |
| 17:01 | Drunken Brawler |
| 17:51 | Acolyte |
| 17:51 | Acolyte |
| 17:51 | Acolyte |
| 17:52 | Acolyte |
| 17:52 | Acolyte |
| 18:13 | Ghoul |
| 18:13 | Ghoul |
| 18:23 | Potion of Healing |
| 18:31 | Scroll of Town Portal |
| 18:49 | Necropolis |
| 18:50 | Necropolis |
| 19:13 | Ziggurat |
| 19:14 | Ziggurat |
| 20:32 | Nerubian Tower |
| 20:33 | Spirit Tower |
| 20:33 | Acolyte |
| 20:33 | Acolyte |
| 20:35 | Ziggurat |
| 21:15 | Crypt Fiend |
| 21:16 | Ghoul |
| 21:36 | Sacrificial Pit |
| 21:43 | Acolyte |
| 21:47 | Unholy Strength |
| 21:47 | Creature Attack |
| 22:07 | Spirit Tower |
| 22:09 | Slaughterhouse |
| 23:26 | Slaughterhouse |
| 23:28 | Slaughterhouse |
| 23:38 | Temple of the Damned |
| 23:39 | Temple of the Damned |
| 23:42 | Ziggurat |
| 24:39 | Exhume Corpses |
| 24:42 | Necromancer Adept Training |
| 24:43 | Skeletal Mastery |
| 24:46 | Necromancer |
| 24:46 | Necromancer |
| 25:10 | Meat Wagon |
| 25:12 | Necromancer |
| 25:12 | Necromancer |
| 25:30 | Carrion Swarm |
| 25:49 | Breath of Fire |
| 26:17 | Necromancer |
| 26:18 | Necromancer |
| 26:21 | Unholy Aura |
| 26:32 | Necromancer Master Training |
| 29:40 | Disease Cloud |
| 30:09 | Necropolis |
| 32:15 | Meat Wagon |
| 33:22 | Drunken Brawler |
| 34:00 | Meat Wagon |
| 35:34 | Obsidian Statue |
| 35:46 | Scroll of Town Portal |
| 36:30 | Ziggurat |
| 36:31 | Ziggurat |
| 36:31 | Ziggurat |
| 36:32 | Ziggurat |
| 38:48 | Nerubian Tower |
| 38:49 | Nerubian Tower |
| 38:49 | Nerubian Tower |
| 38:50 | Nerubian Tower |
| 39:48 | Breath of Fire |
| Right click | 2964 |
| Select group | 1806 |
| Select | 1062 |
| Misc. action | 344 |
| Build/train/purchase | 275 |
| Use ability | 124 |
| Assign group | 117 |
| Chat | 9 |
| Esc | 6 |
| Item give/drop | 3 |
| Minimap ping | 2 |


| Scroll of Town Portal | 2 | 700 |
| total: | 2 | 700g |
| Acolyte | 10 | 750 | / | 0 |
| Ghoul | 5 | 600 | / | 0 |
| Crypt Fiend | 20 | 4300 | / | 800 |
| Frost Wyrm | 22 | 8470 | / | 2640 |
| total: | 57 | 14120g | / | 3440w |
| Nerubian Tower | 4 | 400 | / | 80 |
| Spirit Tower | 2 | 290 | / | 80 |
| Crypt | 3 | 600 | / | 150 |
| Ziggurat | 10 | 1500 | / | 500 |
| Altar of Darkness | 1 | 180 | / | 50 |
| Graveyard | 2 | 430 | / | 0 |
| Necropolis | 3 | 675 | / | 0 |
| Tomb of Relics | 1 | 130 | / | 30 |
| Boneyard | 3 | 525 | / | 600 |
| Halls of the Dead | 2 | 640 | / | 420 |
| Black Citadel | 2 | 650 | / | 460 |
| total: | 23 | 4040g | / | 1330w |
| 0:04 | Acolyte |
| 0:04 | Acolyte |
| 0:07 | Crypt |
| 0:16 | Ziggurat |
| 0:36 | Altar of Darkness |
| 1:04 | Graveyard |
| 1:12 | Ghoul |
| 1:12 | Ghoul |
| 1:28 | Ziggurat |
| 1:41 | Ghoul |
| 1:53 | Ghoul |
| 2:26 | Crypt Fiend |
| 2:26 | Crypt Fiend |
| 2:37 | Death Coil |
| 2:43 | Crypt Fiend |
| 3:00 | Crypt Fiend |
| 3:12 | Ziggurat |
| 3:35 | Crypt Fiend |
| 4:08 | Acolyte |
| 4:11 | Unholy Aura |
| 4:23 | Halls of the Dead |
| 5:02 | Necropolis |
| 5:19 | Crypt Fiend |
| 5:42 | Creature Attack |
| 6:16 | Death Coil |
| 6:34 | Ziggurat |
| 6:35 | Ziggurat |
| 6:37 | Acolyte |
| 6:37 | Acolyte |
| 6:39 | Ziggurat |
| 6:54 | Black Citadel |
| 7:01 | Acolyte |
| 7:05 | Acolyte |
| 7:14 | Ghoul |
| 7:43 | Nerubian Tower |
| 7:47 | Nerubian Tower |
| 7:58 | Acolyte |
| 8:37 | Sleep |
| 8:46 | Web |
| 8:49 | Creature Carapace |
| 9:18 | Boneyard |
| 9:20 | Boneyard |
| 9:22 | Boneyard |
| 10:12 | Improved Creature Attack |
| 10:32 | Frost Wyrm |
| 10:33 | Frost Wyrm |
| 10:39 | Frost Wyrm |
| 10:59 | Ziggurat |
| 11:02 | Ziggurat |
| 11:45 | Frost Wyrm |
| 11:46 | Frost Wyrm |
| 11:57 | Vampiric Aura |
| 12:34 | Necropolis |
| 12:37 | Necropolis |
| 12:45 | Graveyard |
| 12:50 | Nerubian Tower |
| 12:51 | Nerubian Tower |
| 13:10 | Tomb of Relics |
| 14:07 | Acolyte |
| 14:07 | Acolyte |
| 14:15 | Ziggurat |
| 14:17 | Frost Wyrm |
| 14:18 | Frost Wyrm |
| 14:20 | Crypt Fiend |
| 14:44 | Frost Wyrm |
| 14:48 | Ziggurat |
| 14:53 | Spirit Tower |
| 14:56 | Spirit Tower |
| 15:30 | Crypt |
| 15:34 | Frost Wyrm |
| 15:35 | Crypt Fiend |
| 16:35 | Crypt Fiend |
| 16:37 | Crypt Fiend |
| 16:39 | Frost Wyrm |
| 17:04 | Scroll of Town Portal |
| 18:08 | Halls of the Dead |
| 18:23 | Unholy Aura |
| 19:16 | Freezing Breath |
| 19:17 | Sleep |
| 21:17 | Frost Wyrm |
| 21:39 | Frost Wyrm |
| 21:41 | Death Coil |
| 22:48 | Crypt Fiend |
| 24:47 | Crypt Fiend |
| 24:48 | Crypt Fiend |
| 25:48 | Crypt Fiend |
| 25:54 | Frost Wyrm |
| 26:39 | Crypt |
| 27:34 | Crypt Fiend |
| 27:45 | Crypt Fiend |
| 28:14 | Crypt Fiend |
| 28:15 | Crypt Fiend |
| 28:17 | Frost Wyrm |
| 29:06 | Frost Wyrm |
| 30:02 | Crypt Fiend |
| 31:39 | Animate Dead |
| 33:13 | Crypt Fiend |
| 33:16 | Frost Wyrm |
| 33:52 | Frost Wyrm |
| 34:45 | Frost Wyrm |
| 35:13 | Frost Wyrm |
| 35:33 | Frost Wyrm |
| 35:54 | Improved Creature Carapace |
| 36:39 | Scroll of Town Portal |
| 37:40 | Unholy Aura |
| 38:41 | Frost Wyrm |
| 40:02 | Frost Wyrm |
| Right click | 1431 |
| Select group | 806 |
| Select | 531 |
| Misc. action | 277 |
| Build/train/purchase | 92 |
| Chat | 58 |
| Assign group | 46 |
| Use ability | 44 |
| Item give/drop | 3 |
| Remove unit | 1 |
| Minimap ping | 1 |

| Lesser Clarity Potion | 7 | 490 |
| Healing Salve | 5 | 500 |
| Orb of Lightning | 1 | 375 |
| Potion of Healing | 2 | 300 |
| Potion of Mana | 5 | 1000 |
| Scroll of Town Portal | 5 | 1750 |
| total: | 25 | 4415g |
| Peon | 13 | 975 | / | 0 |
| Troll Headhunter | 11 | 1540 | / | 220 |
| Troll Witch Doctor | 2 | 290 | / | 50 |
| Troll Berserker | 7 | 980 | / | 140 |
| Troll Batrider | 2 | 320 | / | 80 |
| Demolisher | 21 | 4620 | / | 1050 |
| Goblin Sapper | 1 | 215 | / | 100 |
| total: | 57 | 8940g | / | 1640w |
| Watch Tower | 10 | 1100 | / | 800 |
| War Mill | 1 | 205 | / | 0 |
| Orc Burrow | 6 | 960 | / | 240 |
| Altar of Storms | 1 | 180 | / | 50 |
| Barracks | 2 | 360 | / | 100 |
| Voodoo Lounge | 2 | 260 | / | 60 |
| Great Hall | 2 | 770 | / | 370 |
| Spirit Lodge | 1 | 150 | / | 150 |
| Beastiary | 2 | 290 | / | 280 |
| Stronghold | 1 | 315 | / | 190 |
| Fortress | 1 | 325 | / | 190 |
| total: | 27 | 4275g | / | 2050w |
| 0:04 | Peon |
| 0:04 | Peon |
| 0:30 | Peon |
| 0:33 | War Mill |
| 0:38 | Orc Burrow |
| 0:47 | Peon |
| 0:52 | Altar of Storms |
| 1:01 | Peon |
| 1:08 | Barracks |
| 1:15 | Peon |
| 1:22 | Peon |
| 1:42 | Peon |
| 1:45 | Orc Burrow |
| 1:57 | Peon |
| 2:11 | Troll Headhunter |
| 2:21 | Voodoo Lounge |
| 2:32 | Troll Headhunter |
| 2:55 | Feral Spirit |
| 2:58 | Troll Headhunter |
| 3:24 | Stronghold |
| 3:37 | Troll Headhunter |
| 4:06 | Troll Headhunter |
| 4:27 | Chain Lighting |
| 4:32 | Troll Headhunter |
| 4:36 | Orc Burrow |
| 5:27 | Steel Ranged Weapons |
| 5:30 | Watch Tower |
| 5:36 | Chain Lighting |
| 5:48 | Fortress |
| 5:49 | Troll Regeneration |
| 5:50 | Reinforced Defenses |
| 6:33 | Troll Headhunter |
| 6:38 | Spirit Lodge |
| 6:49 | Lesser Clarity Potion |
| 6:50 | Healing Salve |
| 7:04 | Healing Salve |
| 7:11 | Troll Headhunter |
| 7:11 | Troll Headhunter |
| 7:14 | Thorium Ranged Weapons |
| 7:34 | Lesser Clarity Potion |
| 8:06 | Witch Doctor Adept Training |
| 8:33 | Feral Spirit |
| 8:34 | Berserker Upgrade |
| 8:40 | Orc Burrow |
| 8:44 | Arcanite Ranged Weapons |
| 8:45 | Troll Headhunter |
| 8:45 | Troll Headhunter |
| 9:35 | Witch Doctor Master Training |
| 9:35 | Troll Witch Doctor |
| 9:35 | Troll Witch Doctor |
| 9:45 | Troll Berserker |
| 9:47 | Spiked Barricades |
| 9:51 | Watch Tower |
| 10:11 | Goblin Sapper |
| 11:07 | Chain Lighting |
| 11:29 | Watch Tower |
| 11:44 | Troll Berserker |
| 11:44 | Troll Berserker |
| 11:44 | Troll Berserker |
| 11:45 | Troll Berserker |
| 11:45 | Troll Berserker |
| 11:45 | Troll Berserker |
| 11:59 | Scroll of Town Portal |
| 11:59 | Orb of Lightning |
| 12:38 | Beastiary |
| 12:45 | Beastiary |
| 12:50 | Watch Tower |
| 13:45 | Orc Burrow |
| 13:58 | Orc Burrow |
| 14:21 | Watch Tower |
| 14:53 | Troll Batrider |
| 14:54 | Troll Batrider |
| 16:28 | Watch Tower |
| 17:00 | Demolisher |
| 17:34 | Watch Tower |
| 18:38 | Earth Quake |
| 19:13 | Watch Tower |
| 22:34 | Demolisher |
| 22:34 | Demolisher |
| 22:34 | Demolisher |
| 22:34 | Demolisher |
| 22:46 | Great Hall |
| 22:49 | Scroll of Town Portal |
| 22:49 | Lesser Clarity Potion |
| 22:50 | Potion of Healing |
| 22:53 | Potion of Mana |
| 22:55 | Healing Salve |
| 23:05 | Potion of Mana |
| 23:08 | Voodoo Lounge |
| 26:01 | Burning Oil |
| 26:01 | Demolisher |
| 26:01 | Demolisher |
| 26:20 | Feral Spirit |
| 26:48 | Demolisher |
| 26:48 | Demolisher |
| 26:49 | Demolisher |
| 26:52 | Barracks |
| 26:54 | Peon |
| 26:54 | Peon |
| 26:55 | Peon |
| 26:55 | Peon |
| 27:52 | Lesser Clarity Potion |
| 27:53 | Healing Salve |
| 27:55 | Scroll of Town Portal |
| 28:02 | Demolisher |
| 28:02 | Demolisher |
| 28:02 | Demolisher |
| 28:14 | Lesser Clarity Potion |
| 28:59 | Demolisher |
| 29:44 | Great Hall |
| 31:39 | Demolisher |
| 31:40 | Demolisher |
| 31:40 | Demolisher |
| 31:40 | Demolisher |
| 31:40 | Demolisher |
| 32:23 | Far Sight |
| 33:09 | Demolisher |
| 34:45 | Lesser Clarity Potion |
| 34:46 | Healing Salve |
| 34:48 | Potion of Mana |
| 34:48 | Potion of Mana |
| 34:51 | Potion of Healing |
| 34:53 | Scroll of Town Portal |
| 35:15 | Steel Armor |
| 35:33 | Watch Tower |
| 36:34 | Demolisher |
| 36:47 | Lesser Clarity Potion |
| 36:49 | Scroll of Town Portal |
| 36:50 | Potion of Mana |
| 37:23 | Watch Tower |
| Right click | 1375 |
| Select group | 954 |
| Select | 539 |
| Build/train/purchase | 153 |
| Use ability | 86 |
| Assign group | 67 |
| Misc. action | 44 |
| Minimap ping | 12 |
| Item give/drop | 2 |
⇛